TOP OF THE 1ST |
San Diego Smashers batting - Pitching for Bismarck Barons : RHP Gene McNeil
|
Pitching: RHP Gene McNeil
|
|
Batting: LHB Michael Myers
|
0-0: Foul Ball, location: 2F 0-1: Fly out, F6 (Popup, 6S)
|
Batting: LHB Jaime Icaza
|
0-0: Ball 1-0: Called Strike 1-1: Ball 2-1: Ball 3-1: Fly out, F6 (Popup, 56D)
|
Batting: RHB Ricardo Guzmán
|
0-0: Ball 1-0: Ball 2-0: Called Strike 2-1: Called Strike 2-2: Foul Ball, location: 2F 2-2: Fly out, F3 (Popup, 3S)
|
Top of the 1st over - 0 run(s), 0 hit(s), 0 error(s), 0 left on base; San Diego 0 - Bismarck 0 |
BOTTOM OF THE 1ST |
Bismarck Barons batting - Pitching for San Diego Smashers : RHP Manuel González
|
Pitching: RHP Manuel González
|
|
Batting: SHB Álex Hernández
|
0-0: Ball 1-0: Foul Ball, location: 2F 1-1: Ground out U3 (Groundball, 3)
|
Batting: LHB John Frost
|
0-0: Ball 1-0: Called Strike 1-1: Fly out, F8 (Flyball, 8RS)
|
Batting: RHB Michael Thomas
|
0-0: DOUBLE (Line Drive, 8LD)
|
Batting: LHB José Martínez
|
0-0: Ball 1-0: Fly out, F9 (Line Drive, 9)
|
Bottom of the 1st over - 0 run(s), 1 hit(s), 0 error(s), 1 left on base; San Diego 0 - Bismarck 0 |
TOP OF THE 2ND |
San Diego Smashers batting - Pitching for Bismarck Barons : RHP Gene McNeil
|
Batting: LHB Ken Phillips
|
0-0: Called Strike 0-1: Ball 1-1: Ball 2-1: Ball 3-1: Called Strike 3-2: Ground out 4-3 (Groundball, 4)
|
Batting: LHB Joe Baker
|
0-0: Ball 1-0: Ball 2-0: Foul Ball, location: 2F 2-1: Ball 3-1: Called Strike 3-2: Base on Balls
|
Batting: RHB Larry Turner
|
0-0: Ball Joe Baker is caught stealing 2nd base 1-0: Ball 2-0: Ground out 6-3 (Groundball, 56)
|
Top of the 2nd over - 0 run(s), 0 hit(s), 0 error(s), 0 left on base; San Diego 0 - Bismarck 0 |
BOTTOM OF THE 2ND |
Bismarck Barons batting - Pitching for San Diego Smashers : RHP Manuel González
|
Batting: RHB Esteban Lara
|
0-0: Called Strike 0-1: Ball 1-1: Swinging Strike 1-2: Foul Ball, location: 2F 1-2: Strikes out swinging
|
Batting: LHB Jesús Bueno
|
0-0: Called Strike 0-1: Ball 1-1: Ground out 4-3 (Groundball, 34)
|
Batting: SHB Jeff Chambers
|
0-0: Called Strike 0-1: Called Strike 0-2: Ball 1-2: Foul Ball, location: 2F 1-2: Ball 2-2: Ball 3-2: Ground out 6-3 (Groundball, 6)
|
Bottom of the 2nd over - 0 run(s), 0 hit(s), 0 error(s), 0 left on base; San Diego 0 - Bismarck 0 |
TOP OF THE 3RD |
San Diego Smashers batting - Pitching for Bismarck Barons : RHP Gene McNeil
|
Batting: RHB John Nelson
|
0-0: Ball 1-0: Called Strike 1-1: Swinging Strike 1-2: Ball 2-2: Foul Ball, location: 2F 2-2: Strikes out swinging
|
Batting: RHB Manny Torrez
|
0-0: Called Strike 0-1: Swinging Strike 0-2: Fly out, F7 (Flyball, 7)
|
Batting: RHB John Bryant
|
0-0: Foul Ball, location: 2F 0-1: Ball 1-1: Ball 2-1: Ground out 5-3 (Groundball, 56)
|
Top of the 3rd over - 0 run(s), 0 hit(s), 0 error(s), 0 left on base; San Diego 0 - Bismarck 0 |
BOTTOM OF THE 3RD |
Bismarck Barons batting - Pitching for San Diego Smashers : RHP Manuel González
|
Batting: RHB Fernando Castellanos
|
0-0: Swinging Strike 0-1: SINGLE (Groundball, 6MD)
|
Batting: RHB Felipe Domínguez
|
0-0: Ball 1-0: Ball 2-0: Called Strike 2-1: Ball 3-1: Base on Balls Fernando Castellanos to second
|
Batting: SHB Álex Hernández
|
0-0: Ball 1-0: Foul Ball, location: 2F 1-1: Swinging Strike 1-2: Foul Ball, location: 2F 1-2: Strikes out swinging
|
Batting: LHB John Frost
|
0-0: Swinging Strike 0-1: Grounds into double play, 4-6-3 (Groundball, 4)
|
Bottom of the 3rd over - 0 run(s), 1 hit(s), 0 error(s), 1 left on base; San Diego 0 - Bismarck 0 |
TOP OF THE 4TH |
San Diego Smashers batting - Pitching for Bismarck Barons : RHP Gene McNeil
|
Batting: LHB Michael Myers
|
0-0: Ball 1-0: Foul Ball, location: 2F 1-1: Ball 2-1: Swinging Strike 2-2: Strikes out swinging
|
Batting: LHB Jaime Icaza
|
0-0: Ball 1-0: Ball 2-0: Foul Ball, location: 2F 2-1: Called Strike 2-2: Fly out, F6 (Flyball, 6MD)
|
Batting: RHB Ricardo Guzmán
|
0-0: Called Strike 0-1: Swinging Strike 0-2: Ball 1-2: Ball 2-2: Ball 3-2: Strikes out looking
|
Top of the 4th over - 0 run(s), 0 hit(s), 0 error(s), 0 left on base; San Diego 0 - Bismarck 0 |
BOTTOM OF THE 4TH |
Bismarck Barons batting - Pitching for San Diego Smashers : RHP Manuel González
|
Batting: RHB Michael Thomas
|
0-0: Fly out, F9 (Flyball, 9S)
|
Batting: LHB José Martínez
|
0-0: Ball 1-0: Swinging Strike 1-1: Swinging Strike 1-2: Fly out, F9 (Flyball, 9S)
|
Batting: RHB Esteban Lara
|
0-0: Called Strike 0-1: Swinging Strike 0-2: Foul Ball, location: 2F 0-2: Ball 1-2: Strikes out swinging
|
Bottom of the 4th over - 0 run(s), 0 hit(s), 0 error(s), 0 left on base; San Diego 0 - Bismarck 0 |
TOP OF THE 5TH |
San Diego Smashers batting - Pitching for Bismarck Barons : RHP Gene McNeil
|
Batting: LHB Ken Phillips
|
0-0: Called Strike 0-1: Swinging Strike 0-2: Ball 1-2: Strikes out swinging
|
Batting: LHB Joe Baker
|
0-0: Ball 1-0: Called Strike 1-1: Ground out 4-3 (Groundball, 4M)
|
Batting: RHB Larry Turner
|
0-0: Called Strike 0-1: Ball 1-1: Called Strike 1-2: Ground out 4-3 (Groundball, 4)
|
Top of the 5th over - 0 run(s), 0 hit(s), 0 error(s), 0 left on base; San Diego 0 - Bismarck 0 |
BOTTOM OF THE 5TH |
Bismarck Barons batting - Pitching for San Diego Smashers : RHP Manuel González
|
Batting: LHB Jesús Bueno
|
0-0: Ground out 4-3 (Groundball, 4)
|
Batting: SHB Jeff Chambers
|
0-0: Foul Ball, location: 2F 0-1: Ball 1-1: Fly out, F6 (Popup, 56)
|
Batting: RHB Fernando Castellanos
|
0-0: Ball 1-0: Ball 2-0: Called Strike 2-1: Called Strike 2-2: SINGLE (Line Drive, 8RS)
|
Batting: RHB Felipe Domínguez
|
0-0: Foul Ball, location: 2F 0-1: Called Strike 0-2: Ball 1-2: Fielders Choice at 2nd, 5-4 (Groundball, 56)
|
Bottom of the 5th over - 0 run(s), 1 hit(s), 0 error(s), 0 left on base; San Diego 0 - Bismarck 0 |
TOP OF THE 6TH |
San Diego Smashers batting - Pitching for Bismarck Barons : RHP Gene McNeil
|
Batting: RHB John Nelson
|
0-0: TRIPLE (Flyball, 7LS) Hidden ball trick at third base, runner out!
|
Batting: RHB Manny Torrez
|
0-0: Called Strike 0-1: Called Strike 0-2: Ball 1-2: Ball 2-2: Strikes out swinging
|
Batting: RHB John Bryant
|
0-0: Called Strike 0-1: Fly out, F8 (Flyball, 8LD)
|
Top of the 6th over - 0 run(s), 1 hit(s), 0 error(s), 0 left on base; San Diego 0 - Bismarck 0 |
BOTTOM OF THE 6TH |
Bismarck Barons batting - Pitching for San Diego Smashers : RHP Manuel González
|
Batting: SHB Álex Hernández
|
0-0: Called Strike 0-1: Called Strike 0-2: Foul Ball, location: 2F 0-2: Strikes out swinging
|
Batting: LHB John Frost
|
0-0: Ball 1-0: Ball 2-0: Ball 3-0: Called Strike 3-1: Swinging Strike 3-2: Ground out 4-3 (Groundball, 4)
|
Batting: RHB Michael Thomas
|
0-0: Swinging Strike 0-1: Foul Ball, location: 2F 0-2: Ground out 5-3 (Groundball, 5L)
|
Bottom of the 6th over - 0 run(s), 0 hit(s), 0 error(s), 0 left on base; San Diego 0 - Bismarck 0 |
TOP OF THE 7TH |
San Diego Smashers batting - Pitching for Bismarck Barons : RHP Gene McNeil
|
Batting: LHB Michael Myers
|
0-0: Called Strike 0-1: Ball 1-1: Foul Ball, location: 2F 1-2: Ball 2-2: Foul Ball, location: 2F 2-2: Ball 3-2: Base on Balls
|
Batting: LHB Jaime Icaza
|
0-0: Bunt missed! 0-1: Sac Bunt - play at first, batter OUT! 3-4 Michael Myers to second
|
Batting: RHB Ricardo Guzmán
|
0-0: Foul Ball, location: 2F 0-1: Ball 1-1: Foul Ball, location: 2F 1-2: Foul Ball, location: 2F 1-2: Hit by Pitch
|
Pitching: RHP Dwayne Allen
|
|
Batting: LHB Ken Phillips
|
0-0: Called Strike 0-1: Ball Michael Myers steals 3rd base Ricardo Guzmán to second 1-1: Intentional Walk
|
Pinch Hitting: RHB Fred Ameris
|
0-0: Ball 1-0: Ball 2-0: Foul Ball, location: 2F 2-1: Called Strike 2-2: Foul Ball, location: 2F 2-2: Foul Ball, location: 2F 2-2: GRAND SLAM HOME RUN (Flyball, 78XD), Distance : 381 ft
|
Batting: RHB Larry Turner
|
0-0: Ground out 4-3 (Groundball, 4)
|
Batting: RHB John Nelson
|
0-0: Called Strike 0-1: Called Strike 0-2: Foul Ball, location: 2F 0-2: Ball 1-2: DOUBLE (Line Drive, 7LM)
|
Batting: RHB Manny Torrez
|
0-0: Ball 1-0: SINGLE (Line Drive, 56) John Nelson to third
|
Batting: RHB John Bryant
|
0-0: Called Strike 0-1: Ball 1-1: Ball 2-1: Ball 3-1: Fielders Choice at 2nd, 6-4 (Groundball, 6)
|
Top of the 7th over - 4 run(s), 3 hit(s), 0 error(s), 1 left on base; San Diego 4 - Bismarck 0 |
BOTTOM OF THE 7TH |
Bismarck Barons batting - Pitching for San Diego Smashers : RHP Manuel González
|
Now at SS: Gilberto Guzmán
|
|
Batting: LHB José Martínez
|
0-0: Ball 1-0: Ball 2-0: Ball 3-0: Called Strike 3-1: Called Strike 3-2: Foul Ball, location: 2F 3-2: Fly out, F5 (Popup, 56)
|
Batting: RHB Esteban Lara
|
0-0: Fly out, F9 (Line Drive, 9)
|
Batting: LHB Jesús Bueno
|
0-0: Called Strike 0-1: Ball 1-1: Called Strike 1-2: Ball 2-2: Ground out U3 (Groundball, 34)
|
Bottom of the 7th over - 0 run(s), 0 hit(s), 0 error(s), 0 left on base; San Diego 4 - Bismarck 0 |
TOP OF THE 8TH |
San Diego Smashers batting - Pitching for Bismarck Barons : RHP Dwayne Allen
|
Batting: LHB Michael Myers
|
0-0: Called Strike 0-1: Foul Ball, location: 2F 0-2: Ball 1-2: Foul Ball, location: 2F 1-2: SINGLE (Groundball, 34D)
|
Batting: LHB Jaime Icaza
|
0-0: Called Strike 0-1: Bunted foul 0-2: Ball 1-2: Foul Ball, location: 2F 1-2: Hit by Pitch Michael Myers to second
|
Batting: RHB Ricardo Guzmán
|
0-0: Called Strike 0-1: Fielders Choice at 2nd, 6-4 (Groundball, 56D) Michael Myers to third
|
Batting: LHB Ken Phillips
|
0-0: Called Strike 0-1: Ball 1-1: Foul Ball, location: 2F 1-2: Foul Ball, location: 2F 1-2: Ground out 5-3 (Groundball, 56S) Michael Myers scores Ricardo Guzmán to second
|
Pitching: RHP Jesús Díaz
|
|
Batting: RHB Gilberto Guzmán
|
0-0: Called Strike 0-1: Swinging Strike 0-2: Foul Ball, location: 2F 0-2: Ball 1-2: Ball 2-2: Foul Ball, location: 2F 2-2: Strikes out swinging
|
Top of the 8th over - 1 run(s), 1 hit(s), 0 error(s), 1 left on base; San Diego 5 - Bismarck 0 |
BOTTOM OF THE 8TH |
Bismarck Barons batting - Pitching for San Diego Smashers : RHP Manuel González
|
Batting: SHB Jeff Chambers
|
0-0: Called Strike 0-1: Ball 1-1: Ball 2-1: Foul Ball, location: 2F 2-2: Foul Ball, location: 2F 2-2: Ball 3-2: Base on Balls
|
Batting: RHB Fernando Castellanos
|
0-0: Ball 1-0: Ball 2-0: Called Strike 2-1: Ball 3-1: Base on Balls Jeff Chambers to second
|
Pitching: LHP Jesús Martínez
|
|
Batting: RHB Felipe Domínguez
|
0-0: Foul Ball, location: 2F 0-1: Ball 1-1: Called Strike 1-2: Grounds into double play, 5-4-3 (Groundball, 56) Jeff Chambers to third
|
Batting: SHB Álex Hernández
|
0-0: Ball 1-0: Ball 2-0: Swinging Strike 2-1: Swinging Strike 2-2: Foul Ball, location: 2F 2-2: Foul Ball, location: 2F 2-2: Strikes out looking
|
Bottom of the 8th over - 0 run(s), 0 hit(s), 0 error(s), 1 left on base; San Diego 5 - Bismarck 0 |
TOP OF THE 9TH |
San Diego Smashers batting - Pitching for Bismarck Barons : RHP Jesús Díaz
|
Batting: RHB Larry Turner
|
0-0: Called Strike 0-1: Ball 1-1: Swinging Strike 1-2: Ball 2-2: Strikes out looking
|
Batting: RHB John Nelson
|
0-0: Ball 1-0: Called Strike 1-1: Swinging Strike 1-2: Foul Ball, location: 2F 1-2: Fly out, F9 (Flyball, 9S)
|
Batting: RHB Manny Torrez
|
0-0: Called Strike 0-1: Ball 1-1: Swinging Strike 1-2: Strikes out looking
|
Top of the 9th over - 0 run(s), 0 hit(s), 0 error(s), 0 left on base; San Diego 5 - Bismarck 0 |
BOTTOM OF THE 9TH |
Bismarck Barons batting - Pitching for San Diego Smashers : LHP Jesús Martínez
|
Batting: LHB John Frost
|
0-0: Swinging Strike 0-1: Ball 1-1: Called Strike 1-2: Ball 2-2: Foul Ball, location: 2F 2-2: Foul Ball, location: 2F 2-2: SINGLE (Groundball, 34D)
|
Batting: RHB Michael Thomas
|
0-0: Called Strike 0-1: Ball 1-1: Ball 2-1: Ball 3-1: Fly out, F6 (Popup, 6D)
|
Batting: LHB José Martínez
|
0-0: Ball 1-0: Ball 2-0: Called Strike 2-1: Foul Ball, location: 2F 2-2: Strikes out swinging
|
Batting: RHB Esteban Lara
|
0-0: Foul Ball, location: 2F 0-1: Called Strike 0-2: DOUBLE (Flyball, 78D) John Frost to third
|
Batting: LHB Jesús Bueno
|
0-0: Called Strike 0-1: Ball 1-1: Ball 2-1: Ball 3-1: Called Strike 3-2: Base on Balls
|
Pitching: LHP Jerry Beck
|
|
Batting: SHB Jeff Chambers
|
0-0: Called Strike 0-1: Swinging Strike 0-2: Strikes out swinging
|
Bottom of the 9th over - 0 run(s), 2 hit(s), 0 error(s), 3 left on base; San Diego 5 - Bismarck 0 |
|